 Dungeon Crawl Stone Soup version 0.27-a0-1277-g3808f8b1c9 (webtiles) character file.

Game seed: 8377469128386274162

481 Glokmah the Ruffian (level 6, -3/61 HPs)
             Began as a Troll Monk on June 12, 2021.
             Killed from afar by an orc wizard (7 damage)
             ... with a magic dart
             ... on level 4 of the Dungeon.
             The game lasted 00:05:51 (3078 turns).

Glokmah the Ruffian (Troll Monk)                    Turns: 3078, Time: 00:05:52

Health: -3/61      AC:  4    Str: 22    XL:     6   Next: 87%
Magic:  6/6        EV: 10    Int:  6    God:
Gold:   229        SH:  0    Dex: 12    Spells: 5/7 levels left

rFire    . . .     SeeInvis .     - Unarmed
rCold    . . .     Faith    .   (no shield)
rNeg     . . .     Spirit   .   a - +0 robe
rPois    .         Reflect  .   (helmet restricted)
rElec    .         Harm     .   (no cloak)
rCorr    .         Rampage  .   (gloves unavailable)
Will     .....                  (boots unavailable)
Stlth    ++........             h - amulet of magic regeneration
HPRegen  1.20/turn              (no ring)
MPRegen  0.35/turn              (no ring)

@: lethally poisoned (-3 -> -4)
A: large, unfitting armour, claws 3, regeneration 1, shaggy fur 1, tough skin 1
a: no special abilities


You were on level 4 of the Dungeon.
You visited 1 branch of the dungeon, and saw 4 of its levels.
You also visited: Sewer.

You collected 229 gold pieces.

Inventory:

Missiles
 c - 21 poisoned darts (quivered)
 g - 184 stones
Armour
 a - a +0 robe (worn)
Jewellery
 f - a ring of ice
 h - an amulet of magic regeneration (around neck)
Potions
 b - 7 potions of curing
 d - 2 potions of heal wounds {unknown}
 e - 2 potions of lignification {unknown}
 j - a potion of brilliance {unknown}
 k - a potion of resistance {unknown}
 m - a potion of attraction {unknown}
 o - a potion of haste {unknown}
 p - 2 potions of flight {unknown}


   Skills:
 + Level 3.2 Fighting
 + Level 3.3 Dodging
 - Level 1.0 Stealth
 * Level 5.0 Unarmed Combat
 + Level 1.2 Spellcasting
 * Level 2.5 Translocations


You had 5 spell levels left.
You knew the following spells:

 Your Spells              Type           Power      Damage    Failure   Level
a - Blink                 Tloc           N/A        N/A       24%         2

Your spell library contained the following spells:

 Spells                   Type           Power      Damage    Failure   Level
 Magic Dart               Conj           0%         1d3       41%         1
 Call Imp                 Summ           0%         N/A       56%         2
 Slow                     Hex            0%         N/A       56%         2
 Conjure Flame            Conj/Fire      0%         6-21      80%         3
 Mephitic Cloud           Conj/Pois/Air  0%         N/A       80%         3


Dungeon Overview and Level Annotations

Branches:
Dungeon (4/15)              Sewer (visited)
 Temple: D:4-7

Altars:

Shops:
D:2 :

Annotations:
D:4 Blork the orc


Innate Abilities, Weirdness & Mutations

You are too large for most types of armour.
You have claws for hands.
Your natural rate of healing is unusually fast.
You are covered in fur. (AC +1)
You have tough skin. (AC +1)


Message History

You claw the orc!
You kill the orc!
The orc wizard hits you with a +1 dagger of venom.
You closely miss the orc wizard.
The orc wizard hits you but does no damage.
You are poisoned.
You claw the orc wizard!
The orc wizard is heavily wounded.
You feel sick.
Blork the orc points at you and mumbles some strange words.
The magic dart hits you! The orc wizard barely misses you.
Blork the orc barely misses you.
You barely miss Blork the orc.
Blork the orc hits you with a +0 glaive!
The orc wizard hits you with a +1 dagger of venom.
You are more poisoned.
You claw Blork the orc!
Blork the orc is moderately wounded.
You feel very sick.
Blork the orc hits you with a +0 glaive.
The orc wizard hits you with a +1 dagger of venom.
You claw Blork the orc!
Blork the orc is almost dead.
You feel very sick.
Blork the orc screams, "I'll rip your head off!"
Blork the orc barely misses you.
Blork the orc hits you with a +0 glaive!
* * * LOW HITPOINT WARNING * * *
You scratch Blork the orc but do no damage.
Blork the orc is almost dead.
You feel sick. The orc wizard misses you. Blork the orc barely misses you.
You barely miss Blork the orc. Your claw misses Blork the orc.
Blork the orc is almost dead.
You feel sick.
Blork the orc points at you and mumbles some strange words.
The puff of flame hits you!
* * * LOW HITPOINT WARNING * * *
The orc wizard points at you and mumbles some strange words.
The magic dart hits you!
You die...

...........#.. .. ......(
....... ..# #.......(.......# ..
##.....##.......##
.$##..##.......o.....
.......##...o........
#..#.##.......<...?.......
........#oo............... ....
##)@#...#.o#..#...o.
....###...≈≈≈≈≈....##....†
........#≈≈≈≈≈≈≈#...#...J.
.......>.....≈≈≈≈≈≈≈≈.....#....
..............≈≈≈.≈≈≈..........
#.............≈≈≈≈≈≈≈≈≈.........
..........#..#≈≈≈≈≈≈≈#.........
#........###...≈≈≈≈≈...........
#.........##..#...#..###......


You could see Blork the orc (fast) and an orc wizard.

Vanquished Creatures
  A kobold brigand (Sewer)
  A scorpion (D:3)
  A wyvern skeleton (D:3)
  A jelly (D:3)
  An orc priest (D:3)
  Natasha (thrice) (D:3)
  An orc wizard (D:4)
  Terence (D:3)
  3 adders
  A river rat (Sewer)
  A dart slug (D:1)
  5 orcs
  10 ball pythons
  3 bats
  8 endoplasms
  2 giant cockroaches
  6 goblins
  2 hobgoblins (D:4)
  2 jackals (D:1)
  4 frilled lizards
  10 kobolds
  10 rats
77 creatures vanquished.

Notes
Turn   | Place    | Note
-------+----------+-------------------------------------------
     0 | D:1      | Glokmah the Troll Monk began the quest for the Orb.
     0 | D:1      | Reached XP level 1. HP: 22/22 MP: 0/0
   182 | D:1      | Reached XP level 2. HP: 29/29 MP: 1/1
   563 | D:1      | Reached XP level 3. HP: 36/36 MP: 2/2
   838 | D:2      | Found Vewym's Book Emporium.
  1115 | D:2      | You fall into a shaft and drop 1 floor!
  1115 | D:3      | Noticed Natasha
  1119 | D:3      | Killed Natasha
  1120 | D:3      | Reached skill level 1 in Translocations
  1120 | D:3      | Reached XP level 4. HP: 34/44 MP: 3/3
  1255 | D:2      | Found a faded altar of an unknown god.
  1598 | D:3      | Reached skill level 4 in Unarmed Combat
  1662 | D:3      | Noticed Terence
  1726 | D:3      | Noticed Natasha
  1756 | D:3      | Killed Terence
  1757 | D:3      | Reached XP level 5. HP: 43/52 MP: 3/5
  2079 | D:3      | Killed Natasha
  2267 | D:3      | Noticed Natasha
  2276 | D:3      | Killed Natasha
  2277 | D:3      | Reached skill level 1 in Spellcasting
  2282 | D:3      | Learned a level 2 spell: Blink
  2346 | D:3      | Reached XP level 6. HP: 61/61 MP: 6/6
  2507 | D:4      | Found a glowing drain.
  2515 | Sewer    | Entered a sewer
  2631 | Sewer    | Found a glowing silver altar of Zin.
  2894 | D:4      | Noticed Blork the orc
  2965 | D:3      | Reached skill level 5 in Unarmed Combat
  3078 | D:4      | Killed from afar by an orc wizard

Illustrated notes

Levels and vault maps discovered:
D:1:      lightli_arrival_flooded_house, layout_loops_ring, due_unseen_surprise
D:2:      layout_loops_ring, hellmonk_ecumenical_altar_run_dry, serial_shops,
          shop
D:3:      layout_basic, uniq_terence, uniq_natasha
D:4:      layout_cave_pools, grunt_temple_overflow_diamond, ashenzari_altar_1,
          serial_shops, shop_scrolls, cheibrodos_sewer_entry_drain,
          uniq_blork_the_orc

Skill      XL: |  1  2  3  4  5  6 |
---------------+-------------------+-----
Translocations | 1 2 |  2.5
Unarmed Combat | 4 5 |  5.0
Fighting       | 3 |  3.2
Dodging        | 3 |  3.3
Spellcasting   | 1 |  1.2
Stealth        | |  1.0

Action                   |  1- 3 |  4- 6 || total
-------------------------+-------+-------++-------
Melee: Unarmed           |    68 |   163 ||   231
       Punch             |       |     1 ||     1
Throw: Dart              |       |     1 ||     1
 Cast: Blink             |       |     1 ||     1
  Use: Scroll            |       |     3 ||     3
 Stab: Sleeping          |     4 |     1 ||     5
Armor: Robe              |    19 |    38 ||    57
Dodge: Dodged            |    36 |   103 ||   139

Table legend: (Time is in decaauts)
 A = Elapsed time spent in this place.
 B = Non-inter-level travel time spent in this place.
 C = Inter-level travel time spent in this place.
 D = Time resting spent in this place.
 E = Time spent auto-exploring this place.
 F = Levels seen in this place.
 G = Mean time per level.
                   A        B        C        D        E       F      G
               +--------+--------+--------+--------+--------+-----+--------+
         Total |   3101 |   2838 |    263 |     61 |   1980 |   5 |  620.2 |
       Dungeon |   2858 |   2595 |    263 |     61 |   1844 |   4 |  714.5 |
         Sewer |    243 |    243 |      0 |      0 |    135 |   1 |  243.0 |
               +--------+--------+--------+--------+--------+-----+--------+

Top non-repeatable levels by time:
     D:3: 1158 daAuts
     D:1: 830 daAuts
     D:2: 712 daAuts
   Sewer: 243 daAuts
     D:4: 156 daAuts
